AoeStats
← elnano4cchi

MegaRandom

510228032Analyzed
2v2 RM · 1d ago on Sep 30, 2026· 66m 22s· 4 players
Game mode
Random Map
Map size
Medium (4 player)
Population
200
Speed
Normal
Resources
Standard
Victory
Conquest
Starting age
Dark Age
Ending age
Imperial Age
RankedLock teamsTeams togetherTeam positionsShared explorationLock speedFull tech treeHidden civsTurbo modeCheats
Victory
Defeat
🇲🇽 Maya · Mexico
842
+14
🇦🇷 Byzantines · Argentina
714
+18
🇨🇦 Vietnamese · Canada
788
-16
🇨🇦 Spanish · Canada
774
-16
Baklawa
10:22 Feudal Age
10:30 Feudal Age
11:13 Double-Bit Axe
11:27 Loom
12:19 Wheelbarrow
11:47 Horse Collar
17:43 Fletching
20:23 Castle Age
18:41 Padded Archer Armor
21:47 Thumb Ring
21:05 Crossbowman
22:45 Hand Cart
24:10 Bodkin Arrow
24:31 Husbandry
24:44 Bloodlines
26:46 Heavy Plow
28:33 Scale Barding Armor
28:38 Forging
28:48 Leather Archer Armor
28:51 Chatras
30:57 Iron Casting
30:43 Chain Barding Armor
31:02 Bow Saw
31:53 Ballistics
38:30 Imperial Age
38:50 Elite Battle Elephant
41:07 Two-Man Saw
39:32 Onager
40:52 Paper Money
41:14 Elite Rattan Archer
43:11 Arbalester
47:28 Bracer
47:58 Ring Archer Armor
48:04 Plate Barding Armor
56:19 Elite Skirmisher
58:45 Imperial Skirmisher
PriestDudeist
10:37 Feudal Age
20:02 Castle Age
19:51 Scale Barding Armor
19:57 Forging
20:05 Bloodlines
21:59 Iron Casting
21:46 Chain Barding Armor
22:22 Loom
23:15 Double-Bit Axe
28:17 Padded Archer Armor
33:38 Imperial Age
32:01 Bow Saw
31:34 Horse Collar
33:03 Heavy Plow
33:01 Gold Mining
35:06 Elite Conquistador
35:13 Elite Conquistador
40:19 Ballistics
41:03 Chemistry
39:28 Elite Conquistador
43:36 Cavalier
58:39 Husbandry
60:49 Light Cavalry
63:46 Conscription
elnano4cchi
2:21 Loom
10:11 Feudal Age
15:06 Man-at-Arms
17:38 Arson
18:07 Forging
17:58 Scale Mail Armor
18:05 Scale Barding Armor
22:16 Castle Age
22:40 Horse Collar
24:12 Wheelbarrow
24:24 Gambesons
24:39 Long Swordsman
25:19 Squires
26:04 Husbandry
26:35 Gold Mining
27:56 Hand Cart
29:43 Iron Casting
33:00 Imperial Age
30:38 Pikeman
32:14 Chain Barding Armor
32:11 Chain Mail Armor
31:20 Pikeman
33:19 Gold Shaft Mining
32:48 Heavy Plow
32:35 Double-Bit Axe
35:06 Chemistry
35:13 Crop Rotation
36:37 Bow Saw
36:18 Halberdier
37:06 Greek Fire
39:00 Plate Barding Armor
38:56 Plate Mail Armor
38:50 Elite Cataphract
44:43 Two-Man Saw
45:25 Hoardings
49:37 Cavalier
49:44 Two-Handed Swordsman
50:52 Caravan
57:01 Paladin
Trukson
0:37 Loom
9:22 Feudal Age
15:37 Castle Age
14:00 Fletching
20:41 Eagle Warrior
21:38 Pikeman
30:46 Imperial Age
28:22 Elite Skirmisher
29:08 Thumb Ring
28:23 Crossbowman
32:22 Elite Eagle Warrior
34:11 Arbalester
34:36 Halberdier
36:36 Bodkin Arrow
36:41 Padded Archer Armor
36:51 Forging
38:22 Holcans
40:06 Scale Mail Armor
40:17 Forging
40:23 Leather Archer Armor
40:09 Bracer
42:18 Chain Mail Armor
42:39 Iron Casting
42:43 Arson
57:10 Squires
57:36 Ballistics
58:17 Chemistry
57:29 Masonry
58:09 Plate Mail Armor
58:39 Blast Furnace
58:10 Ring Archer Armor
58:05 Conscription
57:47 Hul'che Javelineers
Connection lost

Rejoining the realm…

Still unreachable

The connection could not be restored.

Session expired

The server has moved on; the page needs a fresh start.